 Dungeon Crawl Stone Soup version 0.27.1-33-g824d729ab1 (webtiles) character file.

Game seed: 1971246018517327184

2828 MisterFreud the Nimble (level 9, 0/61 HPs)
             Began as a Felid Berserker on Dec 4, 2021.
             Was an Elder of Trog.
             Slain by a fire vortex (24 damage)
             ... on level 9 of the Dungeon on Dec 7, 2021.
             The game lasted 00:19:03 (14545 turns).

MisterFreud the Nimble (Felid Berserker)           Turns: 14545, Time: 00:19:04

Health: 0/61       AC:  2    Str: 13    XL:     9   Next: 45%
Magic:  10/10      EV: 30    Int:  9    God:    Trog [****..]
Gold:   313        SH:  0    Dex: 25    Spells: 8/8 levels left
                                        Lives:  0   Deaths: 3

rFire    . . .     SeeInvis +     - Unarmed
rCold    . . .     Faith    .   (shield unavailable)
rNeg     . . .     Spirit   .   (armour unavailable)
rPois    +         Reflect  .   (helmet unavailable)
rElec    .         Harm     .   (cloak unavailable)
rCorr    .         Rampage  .   (gloves unavailable)
Will     +....                  (boots unavailable)
Stlth    ..........             (no amulet)
HPRegen  0.20/turn              t - +6 ring of dexterity
MPRegen  0.12/turn              u - ring of poison resistance

@: berserking, studying Evocations, very quick
A: very small, claws 1, fangs 3, see invisible, speed 1, shaggy fur 2, stealthy
paws, no weapons or thrown items, no armour, multi-lived
a: Renounce Religion, Berserk, Trog's Hand, Brothers in Arms


You were on level 9 of the Dungeon.
You worshipped Trog.
Trog was greatly pleased with you.
You visited 2 branches of the dungeon, and saw 10 of its levels.
You also visited: Ossuary.

You collected 448 gold pieces.
You spent 135 gold pieces at shops.

Inventory:

Jewellery
 t - a +6 ring of dexterity (left paw)
 u - a ring of poison resistance (right paw)
Wands
 e - a wand of digging (4)
 g - a wand of mindburst (18)
 k - a wand of paralysis (8)
 s - a wand of polymorph (4)
Scrolls
 b - 6 scrolls of teleportation
 d - 3 scrolls of identify
 n - 3 scrolls of amnesia
 p - a scroll of magic mapping
 q - 2 scrolls of fear {unknown}
 w - a scroll of holy word
Potions
 a - 4 potions of might
 c - 5 potions of lignification
 f - 4 potions of curing
 h - a potion of resistance {unknown}
 i - a potion of cancellation {unknown}
 j - 3 potions of heal wounds {unknown}
 l - 2 potions of attraction {unknown}
 m - a potion of brilliance {unknown}
 o - a potion of haste {unknown}
 r - 4 potions of ambrosia
 v - 2 potions of flight {unknown}


   Skills:
 - Level 6.0 Fighting
 + Level 12.0 Dodging
 - Level 10.0 Stealth
 - Level 10.0 Unarmed Combat
 - Level 8.0 Evocations


You had 8 spell levels left.
You didn't know any spells.
Your spell library was empty.

Dungeon Overview and Level Annotations

Branches:
Dungeon (9/15)             Temple (1/1) D:5            Lair (0/6) D:9
Ossuary (visited)
    Orc: D:9-12

Altars:
Dithmenos
Elyvilon
Fedhas
Makhleb
Qazlal
Sif Muna
Trog
Uskayaw
Vehumet
Xom
Zin
Beogh

Shops:
D:1 ?*[[   D:3 (   D:9 (


Innate Abilities, Weirdness & Mutations

You have sharp claws.
You have razor-sharp teeth.
You have supernaturally acute eyesight. (SInv)
You cover ground quickly. (Speed+)
You are covered in thick fur. (AC +2)
Your paws help you pounce on unaware monsters.
You are incapable of wielding weapons or throwing items.
You cannot wear armour.
You gain extra lives every three experience levels.


Message History

No reachable target in view!
There is an open door, spattered with blood here.
The lava snake hisses angrily. x2; The hell hound barks!
You scratch the fire vortex.
The fire vortex is lightly damaged.
You scratch the fire vortex.
The fire vortex is lightly damaged.
No reachable target in view!
No reachable target in view!
No reachable target in view!
The hell hound breathes flames at you. The blast of flame hits you!
The hell hound completely misses you. The hell hound bites you!
You claw the hell hound!
The hell hound is moderately wounded.
The hell hound misses you.
You barely miss the hell hound. Your bite misses the hell hound.
The hell hound is moderately wounded.
The hell hound misses you.
You claw the hell hound!
The hell hound is severely wounded.
The hell hound completely misses you. The hell hound bites you!
A red film seems to cover your vision as you go berserk!
You feel yourself moving faster!
You feel mighty! The hell hound completely misses you.
You claw the hell hound!
You kill the hell hound!
Trog accepts your kill.
Your Dodging skill increases to level 12!
Really walk into that cloud of flame? [Y]es or [N]o only, please.
Really walk into that cloud of flame?
Okay, then.
You feel a strong urge to attack something.
The lava snake spits lava at you. The glob of lava misses you.
The glob of lava hits the fire vortex!
The fire vortex partially resists.
The fire vortex hits you. The fire vortex burns you!
You die...

####.######...##..#...≈...#
#.........##.####....###...
#.#######.##.# #..........
#.# #.##.# ###........ #.#
#.##.# #.####... #.#
##############.######. #.#
#≈..##S.#.<.<......... #.#
#.≈○.#}S#.####.####### #.#
#.≈.v@###......# #.#
#.≈≈§..##.###### #.#
#.≈≈≈.§.### #.# #..≈≈≈≈.#
#.# ##......≈# #.#
#'######## #.###.# #.##..#
#.##.##


You could see a fire vortex and 2 lava snakes.

Vanquished Creatures
  A troll (D:9)
  A polar bear (D:8)
  Eustachio (D:6)
  4 fire bats (D:9)
  11 yaks
  2 water moccasins (D:9)
  Duvessa (D:6)
  A hell hound (D:9)
  4 ice beasts (D:8)
  2 orc warriors
  3 black bears
  2 necrophages
  2 centaurs
  2 ogres
  A phantom (D:6)
  3 elf zombies (Ossuary)
  A kobold brigand (D:8)
  A bullfrog (D:8)
  A wyvern zombie (D:9)
  Dowan (D:6)
  A scorpion (D:5)
  A water moccasin zombie (D:6)
  2 wyvern skeletons
  A water moccasin skeleton (D:6)
  10 killer bees
  3 wights (D:8)
  An electric eel (D:8)
  3 howler monkeys
  A bullfrog zombie (D:6)
  2 human zombies (Ossuary)
  Crazy Yiuf (D:2)
  3 orc priests
  A bullfrog skeleton (D:7)
  3 hounds
  A centaur skeleton (D:6)
  A jelly (D:8)
  4 iguanas
  8 orc wizards
  3 hound zombies
  A hound skeleton (D:4)
  4 mummies (Ossuary)
  4 howler monkey zombies
  3 gnolls (D:6)
  A howler monkey skeleton (D:7)
  10 adders
  3 white imps
  A howler monkey simulacrum (D:8)
  2 ufetubi
  An adder zombie (Ossuary)
  A worm (D:2)
  49 orcs
  10 endoplasms
  3 giant cockroaches (D:3)
  7 goblins
  6 hobgoblins
  2 quokkas
  5 ball pythons
  3 bats
  4 frilled lizards
  2 goblin zombies (Ossuary)
  2 jackal zombies (Ossuary)
  7 kobolds
  A kobold zombie (Ossuary)
  A rat (D:2)
  A fire vortex (D:9)
229 creatures vanquished.

Vanquished Creatures (others)
  A fungus (D:2)
1 creature vanquished.

Grand Total: 230 creatures vanquished

Notes
Turn   | Place    | Note
-------+----------+-------------------------------------------
     0 | D:1      | MisterFreud the Felid Berserker began the quest for the
                  | Orb.
     0 | D:1      | Reached XP level 1. HP: 10/10 MP: 2/2
   319 | D:1      | Reached skill level 1 in Stealth
   499 | D:1      | Reached XP level 2. HP: 8/14 MP: 3/3
   678 | D:1      | Found Woharph's Assorted Antiques.
   750 | D:1      | Found Xuotoh's Armour Emporium.
   841 | D:1      | Found Ujeang's Armour Emporium.
   949 | D:1      | Found Letoujoso's Magic Scroll Shop.
  2435 | D:2      | Reached XP level 3. HP: 17/17 MP: 4/4
  2626 | D:2      | Found a runed translucent door.
  2627 | D:2      | Noticed Crazy Yiuf
  2707 | D:2      | You fall into a shaft and drop 2 floors!
  2707 | D:4      | Noticed a necrophage
  2725 | D:4      | Killed a necrophage
  2726 | D:4      | Reached XP level 4. HP: 20/21 MP: 5/5
  2891 | D:4      | Reached XP level 5. HP: 24/24 MP: 6/6
  3092 | D:4      | Reached ** piety under Trog
  3208 | D:4      | Reached skill level 5 in Stealth
  3215 | D:5      | Entered Level 5 of the Dungeon
  3574 | D:4      | Reached skill level 5 in Unarmed Combat
  3763 | D:3      | Found Seisoan's Antique Weapon Emporium.
  3918 | D:3      | Noticed a necrophage
  3923 | D:3      | Killed a necrophage
  3924 | D:3      | Gained mutation: You are covered in thick fur. (AC +2)
                  | [Felid growth]
  3924 | D:3      | Reached XP level 6. HP: 28/28 MP: 7/7
  4780 | D:2      | Killed Crazy Yiuf
  5170 | D:1      | Bought a sedimented silvery potion for 21 gold pieces
  5170 | D:1      | Bought a metallic blue potion for 21 gold pieces
  5170 | D:1      | Bought a sedimented red potion for 21 gold pieces
  5571 | D:3      | Found a bloodstained altar of Trog.
  5578 | D:3      | Found a shimmering altar of Xom.
  5692 | D:3      | Found a faded altar of an unknown god.
  6261 | D:5      | Reached skill level 5 in Dodging
  6346 | D:5      | Reached XP level 7. HP: 31/31 MP: 8/8
  6361 | D:5      | Reached skill level 6 in Dodging
  6361 | D:5      | Found a staircase to the Ecumenical Temple.
  6374 | D:5      | Reached skill level 7 in Dodging
  6922 | D:5      | Reached skill level 8 in Dodging
  7031 | Temple   | Entered the Ecumenical Temple
  7218 | D:6      | Found a radiant altar of Vehumet.
  7380 | D:6      | Reached *** piety under Trog
  7445 | D:6      | Reached skill level 9 in Dodging
  7518 | D:6      | Reached XP level 8. HP: 27/34 MP: 9/9
  7654 | D:6      | Found a burning altar of Makhleb.
  7655 | D:6      | Found a shimmering blue altar of Sif Muna.
  7657 | D:6      | Found a white marble altar of Elyvilon.
  7657 | D:6      | Found a stormy altar of Qazlal.
  7736 | D:6      | Found a hide-covered altar of Uskayaw.
  7784 | D:6      | Reached skill level 10 in Dodging
  7946 | D:6      | Found a glowing silver altar of Zin.
  7951 | D:6      | Found a shadowy altar of Dithmenos.
  8056 | D:6      | Noticed Duvessa
  8057 | D:6      | Noticed Dowan
  8071 | D:6      | Killed Duvessa
  8072 | D:6      | Reached skill level 5 in Fighting
  8090 | D:6      | Killed Dowan
  8187 | D:6      | Found a blossoming altar of Fedhas.
  8202 | D:6      | Noticed Eustachio
  8366 | D:6      | Reached skill level 1 in Evocations
  8479 | D:6      | Killed Eustachio
  8957 | D:7      | Found a sand-covered staircase.
  8974 | Ossuary  | Entered an ossuary
  8995 | Ossuary  | Reached XP level 9. HP: 41/41 MP: 10/10
  9591 | D:4      | Identified the +7 dagger of Foolhardiness {venom, rElec
                  | Will+ Int-3 Stlth+}
  9689 | D:1      | Bought a scroll labelled QOADOCW KUTWI for 24 gold pieces
  9689 | D:1      | Bought a scroll labelled IBLUXKE NEQE for 24 gold pieces
  9689 | D:1      | Bought a scroll labelled IRIEVE UFFA for 24 gold pieces
  9760 | D:3      | Identified a scroll of acquirement
  9760 | D:3      | Acquired a manual of Evocations
 10579 | D:8      | Mangled by an ice beast
 10580 | D:8      | Reached XP level 8. HP: -6/57 MP: 9/9
 11034 | D:8      | Killed from afar by an electric eel
 11035 | D:8      | Reached XP level 7. HP: 0/51 MP: 8/8
 11239 | D:8      | Noticed a yak
 11239 | D:8      | Noticed a yak
 11241 | D:8      | Noticed a yak
 11242 | D:8      | Noticed a yak
 11242 | D:8      | Noticed a yak
 11242 | D:8      | Noticed a yak
 11243 | D:8      | Noticed a yak
 11262 | D:8      | Killed a yak
 11263 | D:8      | Reached XP level 8. HP: 38/38 MP: 9/9
 11280 | D:8      | Reached skill level 10 in Stealth
 11533 | D:8      | Reached **** piety under Trog
 11534 | D:8      | Reached XP level 9. HP: 41/41 MP: 10/10
 11751 | D:8      | Noticed a polar bear
 12223 | D:8      | Found a runed translucent door.
 12279 | D:8      | Killed a polar bear
 13056 | D:8      | Reached skill level 10 in Unarmed Combat
 13362 | D:9      | Reached skill level 5 in Evocations
 13372 | D:9      | Found a staircase to the Lair.
 13431 | D:9      | Noticed a troll
 13437 | D:9      | Killed a troll
 13524 | D:9      | Found Baawoino's Weapon Emporium.
 13573 | D:9      | Reached XP level 10. HP: 42/45 MP: 11/11
 13999 | D:9      | Reached skill level 11 in Dodging
 14093 | D:9      | Slain by a fire bat
 14094 | D:9      | Reached XP level 9. HP: 0/41 MP: 10/10
 14544 | D:9      | Reached skill level 12 in Dodging
 14545 | D:9      | Slain by a fire vortex

Illustrated notes

Levels and vault maps discovered:
D:1:      roderic_crossed_star, layout_loops_corners, serial_shops,
          nicolae_lakefront_shop, nicolae_shop_crystal, shop_scrolls,
          nicolae_shop_behind_doors, moated_statue, minmay_stone_trees_medium,
          dk_noncrumbling_2, minmay_misc_feat_x
D:2:      layout_loops_corners, uniq_crazy_yiuf_cottage
D:3:      layout_basic, amethyst_overflow_temple_binary, serial_shops, shop,
          hellmonk_ecumenical_altar_leap_of_faith, grunt_decor_one_mirror
D:4:      layout_loops_cross
D:5:      layout_rooms, minmay_temple_entry_wispy
D:6:      layout_rooms, kennysheep_little_box, grunt_temple_overflow_open,
          mainiacjoe_overflow_concentric_impassable, uniq_duvessa,
          uniq_eustachio
D:7:      layout_loops_ring, lightli_ossuary_entry_decrepit_ruins,
          minmay_misc_feat_ornament, roderic_serpentine_path
D:8:      layout_loops_ring, serial_ice, serial_ice_j, serial_ice_c,
          serial_ice_n, serial_ice_m, lightli_church_of_beogh
D:9:      layout_loops_ring, dpeg_oklobed_lair, serial_shops,
          nicolae_shop_waterfront, hangedman_incinerator
Temple:   nicolae_temple_figure_zero

Skill      XL: |  1  2  3  4  5  6  7  8  9 10 |
---------------+-------------------------------+-----
Stealth        | 1 2 4 6 9 10 7 | 10.0
Unarmed Combat | 4 5 6 9 10 | 10.0
Dodging        | 5 9 10 12 11 | 12.0
Fighting       | 6 |  6.0
Evocations     | 3 8 |  8.0

Action                   |  1- 3 |  4- 6 |  7- 9 | 10-12 || total
-------------------------+-------+-------+-------+-------++-------
Melee: Unarmed           |    57 |   108 |   514 |    40 ||   719
       Bite              |     6 |     6 |    66 |     5 ||    83
       Punch             |     1 |     1 |    24 |     1 ||    27
Invok: Berserk           |     5 |     7 |    26 |       ||    38
       Trog's Hand       |       |       |     7 |     2 ||     9
Evoke: Wand              |       |       |     4 |       ||     4
  Use: Scroll            |       |     6 |    13 |       ||    19
 Stab: Sleeping          |     5 |    15 |    12 |     3 ||    35
       Distracted        |       |       |     1 |       ||     1
Armor: Skin              |       |     4 |    22 |     2 ||    28
Dodge: Dodged            |    35 |    71 |   525 |    63 ||   694
